Rafales vs Patriotes (R1)

Created - 23 décembre 2015 at 19:23

Goals
1 2 3 OT1 SO T
Rafales 1 0 1 0 1 2
Patriotes 1 1 0 0 2 3
Shots
1 2 3 OT1 SO T
Rafales 17 18 10 0 3 45
Patriotes 13 15 5 1 2 34

1st period

1. Patriotes , Andreas Nodl 19 (Zenon Konopka) at 4:44
2. Rafales , Mike Zigomanis 15 (Cody McLeod, Milan Bartovic) at 16:14

Penalties :
No Penalty

2nd period

3. Patriotes , Riley Sheahan 6 (Lauri Tukonen, Dwight King) at 19:05

Penalties :
Jonathan Rheault (Stf) for Hooking (Minor) at 2:42, Fedor Fedorov (Nyc) for Holding (Minor) at 7:12

3rd period

4. Rafales , Milan Bartovic 15 (Cody McLeod) at 3:16

Penalties :
Zenon Konopka (Nyc) for Interference (Minor) at 9:44, Joe Charlebois (Nyc) for Checking from behind (Major) at 14:14

Overtime #1

No Goal

Penalties :
No Penalty

Shootout

Penalty Shot by Mike Zigomanis for Rafales - Goal!
Penalty Shot by Andreas Nodl for Patriotes - Goal!
Penalty Shot by Cody McLeod for Rafales - Stopped by Marek Schwarz
Penalty Shot by Tomas Kurka for Patriotes - Goal!
Penalty Shot by Jeff Skinner for Rafales - Stopped by Marek Schwarz

Penalties :
No Penalty

Goalie Stats

Loïc Lacasse (Stf), 32 saves from 34 shots - (0,941), OTL, 14-8-3, 65:00 minutes
Marek Schwarz (Nyc), 43 saves from 45 shots - (0,956), W, 13-12-3, 65:00 minutes

Players Stats for Rafales

Player Name              G  A  P  +/- PIM S  H  SB GA TA FO     MP     PP MP  PK MP  
------------------------------------------------------------------------------------
Bruno Gervais            0  0  0   0  0   0  1  0  1  0  0/0    24:57   3:58   1:10 
Cody McLeod              0  2  2   2  0   3  2  0  1  0  0/1    23:09   4:18   0:50 
Dan Fritsche             0  0  0  -2  0   5  1  1  0  1  8/19   19:31   3:27   1:09 
Dmitry Kulikov           0  0  0   0  0   1  1  0  0  0  0/0    26:19   4:37   1:10 
Jeff Skinner             0  0  0   0  0   3  0  0  0  0  0/2    14:00   1:13   0:00 
Johan Ryno               0  0  0   0  0   0  0  0  0  1  0/0     9:56   1:00   0:00 
Jonas Junland            0  0  0  -1  0   0  1  0  0  1  0/0    13:14   0:22   0:49 
Jonathan Rheault         0  0  0   0  2   0  0  0  0  1  0/0    10:38   0:00   0:00 
Kevin Veilleux           0  0  0   0  0   2  1  0  0  0  3/4     8:34   0:00   0:00 
Marc-André Gragnani      0  0  0   1  0   5  0  0  2  0  0/0    25:27   3:58   0:00 
Matt Gilroy              0  0  0  -1  0   1  1  0  0  0  0/0    18:52   4:37   0:00 
Michael Bournival        0  0  0   0  0   2  1  0  0  0  0/0    11:05   0:37   0:00 
Mike Sislo               0  0  0  -2  0   2  0  0  1  1  0/0    16:40   3:36   0:00 
Mike Zigomanis           1  0  1   2  0   5  1  0  0  0  17/29  23:23   4:22   0:50 
Milan Bartovic           1  1  2   2  0   5  1  2  1  0  3/4    20:59   4:22   0:00 
Nathan Davis             0  0  0   0  0   6  2  0  1  0  3/12   13:17   0:31   1:09 
Tim Crowder              0  0  0  -2  0   1  1  0  0  0  0/0    16:48   3:25   0:00 
Willie Mitchell          0  0  0   1  0   4  2  0  1  3  0/0    21:11   0:22   0:49 

Players Stats for Patriotes

Player Name              G  A  P  +/- PIM S  H  SB GA TA FO     MP     PP MP  PK MP  
------------------------------------------------------------------------------------
A.J Thelen               0  0  0  -1  0   2  2  1  0  0  0/0    29:51   1:19   4:48 
Andreas Nodl             1  0  1   1  0   7  2  0  0  1  2/6    23:28   1:07   3:48 
Andrew Gordon            0  0  0  -1  0   3  0  1  0  1  1/1    18:37   0:52   2:13 
Anthony Bitetto          0  0  0   0  0   1  1  0  1  0  0/0    15:39   0:00   1:52 
Christian Hanson         0  0  0  -1  0   2  1  0  1  0  9/19   16:44   0:52   1:33 
Dale Weise               0  0  0  -1  0   0  0  0  0  0  0/0     7:36   0:00   0:00 
Dwight King              0  1  1   1  0   3  2  0  1  0  0/1    13:34   0:00   1:44 
Fedor Fedorov            0  0  0  -1  2   3  1  0  2  0  2/2    19:23   0:52   2:33 
Joe Charlebois           0  0  0   1  5   0  2  1  0  3  0/0    19:07   0:40   1:54 
Lauri Tukonen            0  1  1   1  0   2  0  0  0  0  0/1    11:14   0:00   0:00 
Matt Calvert             0  0  0  -1  0   1  0  0  1  0  0/0     7:36   0:00   0:00 
Melker Karlsson          0  0  0  -1  0   0  4  0  0  0  4/4     7:36   0:00   0:00 
Nigel Williams           0  0  0   0  0   1  1  1  0  0  0/0    14:09   0:00   0:23 
Riley Sheahan            1  0  1   1  0   1  1  0  0  0  5/8    13:57   0:00   2:40 
Ryan Wilson              0  0  0  -1  0   2  3  3  1  3  0/0    29:23   1:19   4:11 
Timothy Kunes            0  0  0   1  0   0  0  0  1  0  0/0    21:28   0:40   4:23 
Tomas Kurka              0  0  0   1  0   3  2  1  0  0  0/2    23:21   1:07   3:46 
Zenon Konopka            0  1  1   1  2   3  1  1  0  0  14/27  18:17   1:07   0:00 

3 Stars

1 - Milan Bartovic (Stf)
2 - Cody McLeod (Stf)
3 - Marek Schwarz (Nyc)

Power Play

Rafales - 0 on 3 Attempt(s) - 0,00%
Patriotes - 0 on 1 Attempt(s) - 0,00%

Penalty Kill

Rafales - 1 on 1 Attempt(s) - 100,00% - Score 0 goal in Penalty Kill
Patriotes - 3 on 3 Attempt(s) - 100,00% - Score 0 goal in Penalty Kill

Team Stat

Rafales - Hits : 16 - Faceoff Wins : 34 - Blocked Shots : 3 - Penalty Minutes : 2
Patriotes - Hits : 23 - Faceoff Wins : 37 - Blocked Shots : 9 - Penalty Minutes : 9

Official

Referees : Furlatt Eric and McCreary Bill
Linesman : Ryan Galloway and Michel Cormier

Game Notes

10:57 of 2nd period - Patriotes goal is going for a video replay. After video review, No Goal. The goalkeeper has been pushed into the net together with the puck after making a save.

Finance

Level 1 -- Attendance: 1528 (76,40%) -- Ticket Income 53 480 $
Level 2 -- Attendance: 668 (66,80%) -- Ticket Income 10 020 $
Total Attendance: 2196 (73,20%)
Total Ticket Income: 63 500 $
Other Income: 3 175 $
Total Income: 66 675 $

Rafales

5 vs 5 Forward 
   Center                   Left Wing                Right Wing               Time % Phy DF OF 
 1 Mike Zigomanis           Cody McLeod              Milan Bartovic           40     0   3  2  
 2 Dan Fritsche             Mike Sislo               Tim Crowder              30     0   3  2  
 3 Nathan Davis             Jeff Skinner             Jonathan Rheault         20     0   3  2  
 4 Kevin Veilleux           Michael Bournival        Johan Ryno               10     0   3  2  

5 vs 5 Defense 
   Defense                  Defense                                           Time % Phy DF OF 
 1 Willie Mitchell          Marc-André Gragnani                               40     0   4  1  
 2 Bruno Gervais            Dmitry Kulikov                                    30     0   4  1  
 3 Matt Gilroy              Jonas Junland                                     20     0   4  1  
 4 Bruno Gervais            Dmitry Kulikov                                    10     0   4  1  

PowerPlay Forward 
   Center                   Left Wing                Right Wing               Time % Phy DF OF 
 1 Mike Zigomanis           Cody McLeod              Milan Bartovic           60     0   0  5  
 2 Dan Fritsche             Mike Sislo               Tim Crowder              40     0   0  5  

PowerPlay Defense
   Defense                  Defense                                           Time % Phy DF OF 
 1 Matt Gilroy              Dmitry Kulikov                                    60     0   2  3  
 2 Bruno Gervais            Marc-André Gragnani                               40     0   2  3  

Penalty Kill 4 Players Forward 
   Center                   Wing                     Time % Phy DF OF 
 1 Dan Fritsche             Nathan Davis             60     0   4  1  
 2 Milan Bartovic           Dan Fritsche             40     0   4  1  

Penalty Kill 4 Players Defense
   Defense                  Defense                  Time % Phy DF OF 
 1 Willie Mitchell          Jonas Junland            60     0   5  0  
 2 Bruno Gervais            Dmitry Kulikov           40     0   5  0  

Penalty Kill - 3 Players Forward 
   Forward                                           Time % Phy DF OF 
 1 Dan Fritsche                                      60     0   5  0  
 2 Milan Bartovic                                    40     0   5  0  

Penalty Kill - 3 Players Defense
   Defense                  Defense                  Time % Phy DF OF 
 1 Willie Mitchell          Marc-André Gragnani      60     0   5  0  
 2 Bruno Gervais            Dmitry Kulikov           40     0   5  0  

4 vs 4 Forward 
   Center                   Wing                     Time % Phy DF OF 
 1 Mike Zigomanis           Cody McLeod              60     0   2  3  
 2 Milan Bartovic           Dan Fritsche             40     0   2  3  

4 vs 4 Defense
   Defense                  Defense                  Time % Phy DF OF 
 1 Matt Gilroy              Dmitry Kulikov           60     0   4  1  
 2 Bruno Gervais            Marc-André Gragnani      40     0   4  1  

Last Minutes Offensive
   Center                   Left Wing                Right Wing               Defense                  Defense                  
   Mike Zigomanis           Cody McLeod              Milan Bartovic           Dmitry Kulikov           Bruno Gervais            

Last Minutes Defensive
   Center                   Left Wing                Right Wing               Defense                  Defense                  
   Dan Fritsche             Michael Bournival        Milan Bartovic           Willie Mitchell          Matt Gilroy              

Goaltenders
Starting : Loïc Lacasse             
Backup : Eddie Lack               

Extra Forwards
Normal : Jeff Skinner, Mike Zigomanis, Cody McLeod - PP : Jeff Skinner, Mike Zigomanis - PK : Dan Fritsche
Extra Defensemen
Normal : Dmitry Kulikov, Willie Mitchell, Bruno Gervais - PP : Dmitry Kulikov - PK : Willie Mitchell, Bruno Gervais
Penalty Shots
Mike Zigomanis, Cody McLeod, Jeff Skinner, Dan Fritsche, Nathan Davis

Patriotes

5 vs 5 Forward 
   Center                   Left Wing                Right Wing               Time % Phy DF OF 
 1 Zenon Konopka            Tomas Kurka              Andreas Nodl             40     1   2  2  
 2 Christian Hanson         Fedor Fedorov            Andrew Gordon            30     1   2  2  
 3 Riley Sheahan            Dwight King              Lauri Tukonen            20     1   2  2  
 4 Melker Karlsson          Matt Calvert             Dale Weise               10     1   2  2  

5 vs 5 Defense 
   Defense                  Defense                                           Time % Phy DF OF 
 1 A.J Thelen               Ryan Wilson                                       40     1   2  2  
 2 Joe Charlebois           Timothy Kunes                                     30     1   2  2  
 3 Nigel Williams           Anthony Bitetto                                   20     1   2  2  
 4 A.J Thelen               Ryan Wilson                                       10     1   2  2  

PowerPlay Forward 
   Center                   Left Wing                Right Wing               Time % Phy DF OF 
 1 Zenon Konopka            Tomas Kurka              Andreas Nodl             60     1   2  2  
 2 Christian Hanson         Fedor Fedorov            Andrew Gordon            40     1   2  2  

PowerPlay Defense
   Defense                  Defense                                           Time % Phy DF OF 
 1 A.J Thelen               Ryan Wilson                                       60     1   2  2  
 2 Joe Charlebois           Timothy Kunes                                     40     1   2  2  

Penalty Kill 4 Players Forward 
   Center                   Wing                     Time % Phy DF OF 
 1 Andreas Nodl             Tomas Kurka              60     1   2  2  
 2 Fedor Fedorov            Andrew Gordon            40     1   2  2  

Penalty Kill 4 Players Defense
   Defense                  Defense                  Time % Phy DF OF 
 1 A.J Thelen               Ryan Wilson              60     1   2  2  
 2 Joe Charlebois           Timothy Kunes            40     1   2  2  

Penalty Kill - 3 Players Forward 
   Forward                                           Time % Phy DF OF 
 1 Andreas Nodl                                      60     1   2  2  
 2 Tomas Kurka                                       40     1   2  2  

Penalty Kill - 3 Players Defense
   Defense                  Defense                  Time % Phy DF OF 
 1 A.J Thelen               Ryan Wilson              60     1   2  2  
 2 Joe Charlebois           Timothy Kunes            40     1   2  2  

4 vs 4 Forward 
   Center                   Wing                     Time % Phy DF OF 
 1 Andreas Nodl             Tomas Kurka              60     1   2  2  
 2 Fedor Fedorov            Andrew Gordon            40     1   2  2  

4 vs 4 Defense
   Defense                  Defense                  Time % Phy DF OF 
 1 A.J Thelen               Ryan Wilson              60     1   2  2  
 2 Joe Charlebois           Timothy Kunes            40     1   2  2  

Last Minutes Offensive
   Center                   Left Wing                Right Wing               Defense                  Defense                  
   Zenon Konopka            Tomas Kurka              Andreas Nodl             A.J Thelen               Ryan Wilson              

Last Minutes Defensive
   Center                   Left Wing                Right Wing               Defense                  Defense                  
   Zenon Konopka            Tomas Kurka              Andreas Nodl             A.J Thelen               Ryan Wilson              

Goaltenders
Starting : Marek Schwarz            
Backup : Jason Missiaen           

Extra Forwards
Normal : Lauri Tukonen, Dwight King, Riley Sheahan - PP : Lauri Tukonen, Dwight King - PK : Riley Sheahan
Extra Defensemen
Normal : Nigel Williams, Anthony Bitetto, Joe Charlebois - PP : Nigel Williams - PK : Anthony Bitetto, Joe Charlebois
Penalty Shots
Andreas Nodl, Tomas Kurka, Fedor Fedorov, Andrew Gordon, Zenon Konopka

% Time on Ice - Rafales

Lines # - Real PCT - Wanted PCT - Time Play
Normal Forward
1 - 34% - 40% - 16:54
2 - 27% - 30% - 13:04
3 - 21% - 20% - 10:32
4 - 17% - 10% - 8:34
Normal Defense
1 - 40% - 40% - 19:52
2 - 29% - 30% - 14:22
3 - 23% - 20% - 11:23
4 - 7% - 10% - 3:27
PP Forward
1 - 59% - 60% - 5:17
2 - 41% - 40% - 3:40
PP Defense
1 - 56% - 60% - 4:59
2 - 44% - 40% - 3:58
PK Forward
1 - 100% - 60% - 1:59
2 - 0% - 40% - 0:00
PK Defense
1 - 41% - 60% - 0:49
2 - 59% - 40% - 1:10
PK3 Forward
1 - 0% - 60%
2 - 0% - 40%
PK3 Defense
1 - 0% - 60%
2 - 0% - 40%
44 Forward
1 - 90% - 60% - 4:29
2 - 10% - 40% - 0:31
44 Defense
1 - 60% - 60% - 3:00
2 - 40% - 40% - 2:00
Last Minute Offensive  - 0:00
Last Minute Defensive  - 0:00
Total
Forward - 65:00
Defense - 65:00

% Time on Ice - Patriotes

Lines # - Real PCT - Wanted PCT - Time Play
Normal Forward
1 - 36% - 40% - 17:50
2 - 28% - 30% - 13:58
3 - 20% - 20% - 9:40
4 - 15% - 10% - 7:36
Normal Defense
1 - 37% - 40% - 18:06
2 - 31% - 30% - 15:09
3 - 25% - 20% - 12:27
4 - 7% - 10% - 3:22
PP Forward
1 - 56% - 60% - 1:07
2 - 44% - 40% - 0:52
PP Defense
1 - 66% - 60% - 1:19
2 - 34% - 40% - 0:40
PK Forward
1 - 80% - 60% - 7:07
2 - 20% - 40% - 1:50
PK Defense
1 - 45% - 60% - 3:59
2 - 55% - 40% - 4:58
PK3 Forward
1 - 0% - 60%
2 - 0% - 40%
PK3 Defense
1 - 0% - 60%
2 - 0% - 40%
44 Forward
1 - 74% - 60% - 3:43
2 - 26% - 40% - 1:17
44 Defense
1 - 72% - 60% - 3:36
2 - 28% - 40% - 1:24
Last Minute Offensive  - 0:00
Last Minute Defensive  - 0:00
Total
Forward - 65:00
Defense - 65:00

Play by Play

1st period


0:01 of 1st period - Mike Zigomanis wins face-off versus Tomas Kurka in neutral zone.
0:12 of 1st period - Wrist shot by Cody McLeod.
0:12 of 1st period - Shot Blocked by Zenon Konopka.
0:35 of 1st period - Snap shot by Fedor Fedorov.
0:35 of 1st period - Shot Misses the Net.
0:41 of 1st period - Andrew Gordon is hit by Willie Mitchell and loses puck.
1:26 of 1st period - Icing by Bruno Gervais.
1:27 of 1st period - Kevin Veilleux wins face-off versus Andreas Nodl in Rafales zone.
1:52 of 1st period - Wrist shot by Dwight King.
1:52 of 1st period - Shot Misses the Net.
1:54 of 1st period - Slapshot by Nigel Williams.
1:54 of 1st period - Shot Misses the Net.
1:56 of 1st period - Wrist shot by Anthony Bitetto.
1:56 of 1st period - Deflect By Bruno Gervais.
1:56 of 1st period - Stopped by Loïc Lacasse with a rebound.
1:58 of 1st period - Backhand shot by Dwight King.
1:58 of 1st period - Shot Misses the Net.
2:00 of 1st period - Slapshot by Nigel Williams.
2:00 of 1st period - Stopped by Loïc Lacasse without a rebound.
2:01 of 1st period - Milan Bartovic wins face-off versus Zenon Konopka in Rafales zone.
2:26 of 1st period - Andrew Gordon is hit by Dan Fritsche.
2:52 of 1st period - Slapshot by A.J Thelen.
2:52 of 1st period - Stopped by Loïc Lacasse with a rebound.
2:54 of 1st period - Slapshot by Ryan Wilson.
2:54 of 1st period - Stopped by Loïc Lacasse without a rebound.
2:55 of 1st period - Mike Zigomanis wins face-off versus Zenon Konopka in Rafales zone.
3:20 of 1st period - Tim Crowder is hit by Christian Hanson and loses puck.
3:53 of 1st period - Dmitry Kulikov is hit by Melker Karlsson and loses puck.
4:31 of 1st period - Off-side.
4:32 of 1st period - Christian Hanson wins face-off versus Dan Fritsche in neutral zone.
4:34 of 1st period - Off-side.
4:35 of 1st period - Christian Hanson wins face-off versus Dan Fritsche in neutral zone.
4:40 of 1st period - Wrist shot by Andrew Gordon.
4:40 of 1st period - Stopped by Loïc Lacasse without a rebound.
4:41 of 1st period - Zenon Konopka wins face-off versus Dan Fritsche in Rafales zone.
4:44 of 1st period - Wrist shot by Andreas Nodl.
4:44 of 1st period - Goal by Andreas Nodl - Rafales : 0 - Patriotes : 1.
4:45 of 1st period - Zenon Konopka wins face-off versus Mike Zigomanis in neutral zone.
4:58 of 1st period - Tomas Kurka is hit by Milan Bartovic and loses puck.
5:17 of 1st period - Wrist shot by Fedor Fedorov.
5:17 of 1st period - Stopped by Loïc Lacasse without a rebound.
5:18 of 1st period - Christian Hanson wins face-off versus Nathan Davis in Rafales zone.
5:27 of 1st period - Slapshot by Christian Hanson.
5:27 of 1st period - Stopped by Loïc Lacasse without a rebound.
5:28 of 1st period - Zenon Konopka wins face-off versus Nathan Davis in Rafales zone.
7:01 of 1st period - Slapshot by Tomas Kurka.
7:01 of 1st period - Stopped by Loïc Lacasse without a rebound.
7:02 of 1st period - Mike Zigomanis wins face-off versus Christian Hanson in Rafales zone.
7:17 of 1st period - Snap shot by Mike Zigomanis.
7:17 of 1st period - Stopped by Marek Schwarz with a rebound.
7:53 of 1st period - Snap shot by Mike Sislo.
7:53 of 1st period - Stopped by Marek Schwarz with a rebound.
7:55 of 1st period - Slapshot by Willie Mitchell.
7:55 of 1st period - Deflect By Tomas Kurka.
7:55 of 1st period - Stopped by Marek Schwarz with a rebound.
8:53 of 1st period - Slapshot by Bruno Gervais.
8:53 of 1st period - Shot Blocked by Tomas Kurka.
8:55 of 1st period - Slapshot by Bruno Gervais.
8:55 of 1st period - Deflect By Jeff Skinner.
8:55 of 1st period - Shot Misses the Net.
8:55 of 1st period - Puck is out of play.
8:56 of 1st period - Zenon Konopka wins face-off versus Mike Zigomanis in Patriotes zone.
9:23 of 1st period - Backhand shot by Mike Sislo.
9:23 of 1st period - Shot Hit the Post.
9:41 of 1st period - Wrist shot by Jeff Skinner.
9:41 of 1st period - Shot Misses the Net.
9:43 of 1st period - Snap shot by Jonas Junland.
9:43 of 1st period - Shot Misses the Net.
9:45 of 1st period - Wrist shot by Jeff Skinner.
9:45 of 1st period - Stopped by Marek Schwarz with a rebound.
9:47 of 1st period - Wrist shot by Nathan Davis.
9:47 of 1st period - Shot Hit the Post.
9:49 of 1st period - Slapshot by Jonas Junland.
9:49 of 1st period - Deflect By Nathan Davis.
9:49 of 1st period - Shot Misses the Net.
9:49 of 1st period - Puck is out of play.
9:50 of 1st period - Zenon Konopka wins face-off versus Cody McLeod in Patriotes zone.
10:37 of 1st period - Wrist shot by Lauri Tukonen.
10:37 of 1st period - Stopped by Loïc Lacasse without a rebound.
10:38 of 1st period - Riley Sheahan wins face-off versus Nathan Davis in Rafales zone.
10:39 of 1st period - Wrist shot by Dwight King.
10:39 of 1st period - Shot Misses the Net.
11:09 of 1st period - Slapshot by Cody McLeod.
11:09 of 1st period - Shot Misses the Net.
11:11 of 1st period - Wrist shot by Milan Bartovic.
11:11 of 1st period - Stopped by Marek Schwarz without a rebound.
11:12 of 1st period - Mike Zigomanis wins face-off versus Christian Hanson in Patriotes zone.
11:13 of 1st period - Slapshot by Milan Bartovic.
11:13 of 1st period - Shot Blocked by Andrew Gordon.
11:15 of 1st period - Slapshot by Milan Bartovic.
11:15 of 1st period - Deflect By Cody McLeod.
11:15 of 1st period - Shot Blocked by Joe Charlebois.
11:15 of 1st period - Puck is out of play.
11:16 of 1st period - Christian Hanson wins face-off versus Mike Zigomanis in Patriotes zone.
11:23 of 1st period - Wrist shot by Cody McLeod.
11:23 of 1st period - Stopped by Marek Schwarz with a rebound.
11:54 of 1st period - Snap shot by Tomas Kurka.
11:54 of 1st period - Stopped by Loïc Lacasse with a rebound.
12:23 of 1st period - Dmitry Kulikov is hit by Ryan Wilson and loses puck.
12:34 of 1st period - Slapshot by Dmitry Kulikov.
12:34 of 1st period - Stopped by Marek Schwarz without a rebound.
12:35 of 1st period - Zenon Konopka wins face-off versus Mike Zigomanis in Patriotes zone.
12:42 of 1st period - Willie Mitchell is hit by Andreas Nodl and loses puck.
13:13 of 1st period - Slapshot by Andreas Nodl.
13:13 of 1st period - Stopped by Loïc Lacasse with a rebound.
13:23 of 1st period - Snap shot by Zenon Konopka.
13:23 of 1st period - Deflect By Andreas Nodl.
13:23 of 1st period - Stopped by Loïc Lacasse without a rebound.
13:24 of 1st period - Dan Fritsche wins face-off versus Christian Hanson in Rafales zone.
13:24 of 1st period - Dan Fritsche is hit by Ryan Wilson.
13:30 of 1st period - Snap shot by Mike Sislo.
13:30 of 1st period - Stopped by Marek Schwarz without a rebound.
13:31 of 1st period - Christian Hanson wins face-off versus Dan Fritsche in Patriotes zone.
13:40 of 1st period - Wrist shot by Dan Fritsche.
13:40 of 1st period - Stopped by Marek Schwarz without a rebound.
13:41 of 1st period - Mike Zigomanis wins face-off versus Christian Hanson in Patriotes zone.
13:42 of 1st period - Snap shot by Cody McLeod.
13:42 of 1st period - Shot Misses the Net.
13:44 of 1st period - Snap shot by Marc-André Gragnani.
13:44 of 1st period - Stopped by Marek Schwarz with a rebound.
13:50 of 1st period - Wrist shot by Cody McLeod.
13:50 of 1st period - Stopped by Marek Schwarz without a rebound.
13:51 of 1st period - Fedor Fedorov wins face-off versus Milan Bartovic in Patriotes zone.
14:16 of 1st period - Snap shot by Andrew Gordon.
14:16 of 1st period - Shot Blocked by Milan Bartovic.
14:49 of 1st period - Andrew Gordon is hit by Mike Zigomanis and loses puck.
15:14 of 1st period - Snap shot by Andrew Gordon.
15:14 of 1st period - Shot Misses the Net.
16:12 of 1st period - Slapshot by Milan Bartovic.
16:12 of 1st period - Stopped by Marek Schwarz with a rebound.
16:14 of 1st period - Snap shot by Cody McLeod.
16:14 of 1st period - Deflect By Mike Zigomanis.
16:14 of 1st period - Goal by Mike Zigomanis - Rafales : 1 - Patriotes : 1.
16:15 of 1st period - Dan Fritsche wins face-off versus Zenon Konopka in neutral zone.
16:17 of 1st period - Off-side.
16:18 of 1st period - Zenon Konopka wins face-off versus Dan Fritsche in neutral zone.
16:34 of 1st period - Off-side.
16:35 of 1st period - Riley Sheahan wins face-off versus Nathan Davis in neutral zone.
17:40 of 1st period - Matt Gilroy is hit by Melker Karlsson and loses puck.
17:47 of 1st period - Dale Weise is hit by Michael Bournival and loses puck.
18:16 of 1st period - Wrist shot by Matt Calvert.
18:16 of 1st period - Shot Misses the Net.
18:38 of 1st period - Snap shot by Johan Ryno.
18:38 of 1st period - Shot Blocked by Nigel Williams.
18:55 of 1st period - Nigel Williams is hit by Kevin Veilleux.
19:09 of 1st period - Snap shot by Michael Bournival.
19:09 of 1st period - Stopped by Marek Schwarz with a rebound.
19:11 of 1st period - Wrist shot by Willie Mitchell.
19:11 of 1st period - Stopped by Marek Schwarz without a rebound.
19:12 of 1st period - Dan Fritsche wins face-off versus Zenon Konopka in Patriotes zone.
19:19 of 1st period - Slapshot by Dan Fritsche.
19:19 of 1st period - Stopped by Marek Schwarz without a rebound.
19:20 of 1st period - Zenon Konopka wins face-off versus Dan Fritsche in Patriotes zone.
19:31 of 1st period - Wrist shot by Dan Fritsche.
19:31 of 1st period - Stopped by Marek Schwarz with a rebound.
19:37 of 1st period - Dmitry Kulikov is hit by Tomas Kurka and loses puck.
19:46 of 1st period - Snap shot by Dan Fritsche.
19:46 of 1st period - Shot Misses the Net.
Goals for this period are 1 for Rafales vs 1 for Patriotes.
Shots for this period are 17 for Rafales vs 13 for Patriotes.

2nd period


0:01 of 2nd period - Mike Zigomanis wins face-off versus Zenon Konopka in neutral zone.
0:06 of 2nd period - Wrist shot by Mike Zigomanis.
0:06 of 2nd period - Stopped by Marek Schwarz with a rebound.
1:08 of 2nd period - Jonas Junland is hit by Tomas Kurka and loses puck.
1:35 of 2nd period - Backhand shot by Mike Zigomanis.
1:35 of 2nd period - Stopped by Marek Schwarz without a rebound.
1:36 of 2nd period - Riley Sheahan wins face-off versus Mike Zigomanis in Patriotes zone.
1:36 of 2nd period - Riley Sheahan is hit by Cody McLeod.
2:02 of 2nd period - Milan Bartovic is hit by Dwight King and loses puck.
2:07 of 2nd period - Wrist shot by Dwight King.
2:07 of 2nd period - Shot Misses the Net.
2:09 of 2nd period - Slapshot by Anthony Bitetto.
2:09 of 2nd period - Shot Blocked by Milan Bartovic.
2:11 of 2nd period - Slapshot by Lauri Tukonen.
2:11 of 2nd period - Deflect By Dwight King.
2:11 of 2nd period - Stopped by Loïc Lacasse with a rebound.
2:17 of 2nd period - Slapshot by Dwight King.
2:17 of 2nd period - Shot Misses the Net.
2:21 of 2nd period - Snap shot by Lauri Tukonen.
2:21 of 2nd period - Stopped by Loïc Lacasse without a rebound.
2:22 of 2nd period - Zenon Konopka wins face-off versus Dan Fritsche in Rafales zone.
2:37 of 2nd period - Slapshot by Andreas Nodl.
2:37 of 2nd period - Deflect By Zenon Konopka.
2:37 of 2nd period - Shot Misses the Net.
2:37 of 2nd period - Puck is out of play.
2:38 of 2nd period - Andrew Gordon wins face-off versus Nathan Davis in Rafales zone.
2:42 of 2nd period - Minor Penalty to Jonathan Rheault for Hooking.
2:43 of 2nd period - Zenon Konopka wins face-off versus Dan Fritsche in Rafales zone.
2:53 of 2nd period - Wrist shot by Andreas Nodl.
2:53 of 2nd period - Stopped by Loïc Lacasse without a rebound.
2:54 of 2nd period - Zenon Konopka wins face-off versus Dan Fritsche in Rafales zone.
2:57 of 2nd period - Wrist shot by Tomas Kurka.
2:57 of 2nd period - Shot Blocked by Dan Fritsche.
3:39 of 2nd period - Wrist shot by Mike Zigomanis.
3:39 of 2nd period - Stopped by Marek Schwarz without a rebound.
3:40 of 2nd period - Dan Fritsche wins face-off versus Christian Hanson in Patriotes zone.
4:03 of 2nd period - Dmitry Kulikov is hit by Fedor Fedorov and loses puck.
4:42 of 2nd period - Penalty to Jonathan Rheault is over, Jonathan Rheault is back on ice.
4:48 of 2nd period - Slapshot by Willie Mitchell.
4:48 of 2nd period - Stopped by Marek Schwarz without a rebound.
4:49 of 2nd period - Kevin Veilleux wins face-off versus Riley Sheahan in Patriotes zone.
4:54 of 2nd period - Slapshot by Michael Bournival.
4:54 of 2nd period - Deflect By Kevin Veilleux.
4:54 of 2nd period - Stopped by Marek Schwarz without a rebound.
4:55 of 2nd period - Kevin Veilleux wins face-off versus Tomas Kurka in Patriotes zone.
5:10 of 2nd period - Snap shot by Zenon Konopka.
5:10 of 2nd period - Stopped by Loïc Lacasse with a rebound.
5:48 of 2nd period - Snap shot by Dan Fritsche.
5:48 of 2nd period - Stopped by Marek Schwarz without a rebound.
5:49 of 2nd period - Dan Fritsche wins face-off versus Zenon Konopka in Patriotes zone.
7:02 of 2nd period - Wrist shot by Dan Fritsche.
7:02 of 2nd period - Stopped by Marek Schwarz without a rebound.
7:03 of 2nd period - Mike Zigomanis wins face-off versus Christian Hanson in Patriotes zone.
7:10 of 2nd period - Wrist shot by Cody McLeod.
7:10 of 2nd period - Shot Misses the Net.
7:12 of 2nd period - Minor Penalty to Fedor Fedorov for Holding.
7:13 of 2nd period - Mike Zigomanis wins face-off versus Andreas Nodl in Patriotes zone.
7:26 of 2nd period - Wrist shot by Milan Bartovic.
7:26 of 2nd period - Shot Misses the Net.
7:28 of 2nd period - Slapshot by Marc-André Gragnani.
7:28 of 2nd period - Deflect By Andrew Gordon.
7:28 of 2nd period - Stopped by Marek Schwarz without a rebound.
7:29 of 2nd period - Riley Sheahan wins face-off versus Mike Zigomanis in Patriotes zone.
7:41 of 2nd period - Snap shot by Marc-André Gragnani.
7:41 of 2nd period - Shot Blocked by Ryan Wilson.
9:12 of 2nd period - Penalty to Fedor Fedorov is over, Fedor Fedorov is back on ice.
9:34 of 2nd period - Dwight King is hit by Nathan Davis and loses puck.
9:45 of 2nd period - Matt Gilroy is hit by Melker Karlsson and loses puck.
10:04 of 2nd period - Snap shot by Matt Calvert.
10:04 of 2nd period - Stopped by Loïc Lacasse without a rebound.
10:05 of 2nd period - Christian Hanson wins face-off versus Dan Fritsche in Rafales zone.
10:06 of 2nd period - Wrist shot by Fedor Fedorov.
10:06 of 2nd period - Stopped by Loïc Lacasse without a rebound.
10:07 of 2nd period - Christian Hanson wins face-off versus Dan Fritsche in Rafales zone.
10:20 of 2nd period - Wrist shot by Tim Crowder.
10:20 of 2nd period - Shot Misses the Net.
10:55 of 2nd period - Snap shot by Fedor Fedorov.
10:55 of 2nd period - Shot Misses the Net.
10:57 of 2nd period - Slapshot by Christian Hanson.
10:57 of 2nd period - Patriotes goal is going for a video replay.
10:57 of 2nd period - The goal is refused. The goalkeeper has been pushed into the net together with the puck after making a save..
10:58 of 2nd period - Zenon Konopka wins face-off versus Mike Zigomanis in Rafales zone.
11:09 of 2nd period - Wrist shot by Tomas Kurka.
11:09 of 2nd period - Stopped by Loïc Lacasse without a rebound.
11:10 of 2nd period - Mike Zigomanis wins face-off versus Zenon Konopka in Rafales zone.
11:21 of 2nd period - Snap shot by Andreas Nodl.
11:21 of 2nd period - Stopped by Loïc Lacasse with a rebound.
12:24 of 2nd period - A.J Thelen is hit by Bruno Gervais and loses puck.
13:02 of 2nd period - Marc-André Gragnani is hit by A.J Thelen and loses puck.
13:11 of 2nd period - Riley Sheahan is hit by Willie Mitchell and loses puck.
13:51 of 2nd period - Slapshot by Fedor Fedorov.
13:51 of 2nd period - Stopped by Loïc Lacasse without a rebound.
13:52 of 2nd period - Christian Hanson wins face-off versus Mike Zigomanis in Rafales zone.
13:53 of 2nd period - Wrist shot by Andrew Gordon.
13:53 of 2nd period - Stopped by Loïc Lacasse with a rebound.
14:46 of 2nd period - Snap shot by Milan Bartovic.
14:46 of 2nd period - Stopped by Marek Schwarz with a rebound.
14:48 of 2nd period - Slapshot by Matt Gilroy.
14:48 of 2nd period - Stopped by Marek Schwarz without a rebound.
14:49 of 2nd period - Dan Fritsche wins face-off versus Zenon Konopka in Patriotes zone.
14:58 of 2nd period - Snap shot by Mike Sislo.
14:58 of 2nd period - Shot Misses the Net.
15:20 of 2nd period - Snap shot by Nathan Davis.
15:20 of 2nd period - Stopped by Marek Schwarz with a rebound.
15:44 of 2nd period - Slapshot by Marc-André Gragnani.
15:44 of 2nd period - Stopped by Marek Schwarz with a rebound.
15:46 of 2nd period - Wrist shot by Johan Ryno.
15:46 of 2nd period - Shot Blocked by Ryan Wilson.
15:56 of 2nd period - Tim Crowder is hit by Andreas Nodl and loses puck.
16:03 of 2nd period - Wrist shot by Zenon Konopka.
16:03 of 2nd period - Stopped by Loïc Lacasse without a rebound.
16:04 of 2nd period - Mike Zigomanis wins face-off versus Riley Sheahan in Rafales zone.
16:18 of 2nd period - Snap shot by Cody McLeod.
16:18 of 2nd period - Stopped by Marek Schwarz with a rebound.
16:48 of 2nd period - Tim Crowder is hit by Joe Charlebois and loses puck.
17:08 of 2nd period - Off-side.
17:09 of 2nd period - Melker Karlsson wins face-off versus Kevin Veilleux in neutral zone.
17:18 of 2nd period - Slapshot by Ryan Wilson.
17:18 of 2nd period - Stopped by Loïc Lacasse without a rebound.
17:19 of 2nd period - Mike Zigomanis wins face-off versus Zenon Konopka in Rafales zone.
17:44 of 2nd period - Lauri Tukonen is hit by Tim Crowder and loses puck.
17:49 of 2nd period - Wrist shot by Mike Sislo.
17:49 of 2nd period - Shot Misses the Net.
17:51 of 2nd period - Wrist shot by Tim Crowder.
17:51 of 2nd period - Stopped by Marek Schwarz with a rebound.
17:53 of 2nd period - Slapshot by Marc-André Gragnani.
17:53 of 2nd period - Stopped by Marek Schwarz with a rebound.
17:55 of 2nd period - Slapshot by Marc-André Gragnani.
17:55 of 2nd period - Stopped by Marek Schwarz with a rebound.
17:57 of 2nd period - Slapshot by Willie Mitchell.
17:57 of 2nd period - Stopped by Marek Schwarz with a rebound.
18:27 of 2nd period - Wrist shot by Milan Bartovic.
18:27 of 2nd period - Stopped by Marek Schwarz without a rebound.
18:28 of 2nd period - Mike Zigomanis wins face-off versus Zenon Konopka in Patriotes zone.
18:52 of 2nd period - Off-side.
18:53 of 2nd period - Dan Fritsche wins face-off versus Lauri Tukonen in neutral zone.
19:05 of 2nd period - Wrist shot by Riley Sheahan.
19:05 of 2nd period - Goal by Riley Sheahan - Rafales : 1 - Patriotes : 2.
19:06 of 2nd period - Zenon Konopka wins face-off versus Mike Zigomanis in neutral zone.
19:11 of 2nd period - Slapshot by A.J Thelen.
19:11 of 2nd period - Shot Misses the Net.
19:17 of 2nd period - Snap shot by Andreas Nodl.
19:17 of 2nd period - Stopped by Loïc Lacasse with a rebound.
19:29 of 2nd period - Willie Mitchell is hit by Zenon Konopka.
19:54 of 2nd period - Off-side.
19:55 of 2nd period - Nathan Davis wins face-off versus Christian Hanson in neutral zone.
19:57 of 2nd period - Off-side.
19:58 of 2nd period - Christian Hanson wins face-off versus Nathan Davis in neutral zone.
Goals for this period are 0 for Rafales vs 1 for Patriotes.
Shots for this period are 18 for Rafales vs 15 for Patriotes.

3rd period


0:01 of 3rd period - Mike Zigomanis wins face-off versus Zenon Konopka in neutral zone.
1:14 of 3rd period - Slapshot by Dwight King.
1:14 of 3rd period - Stopped by Loïc Lacasse with a rebound.
1:16 of 3rd period - Slapshot by A.J Thelen.
1:16 of 3rd period - Stopped by Loïc Lacasse without a rebound.
1:17 of 3rd period - Milan Bartovic wins face-off versus Christian Hanson in Rafales zone.
1:50 of 3rd period - Slapshot by Nathan Davis.
1:50 of 3rd period - Stopped by Marek Schwarz with a rebound.
2:06 of 3rd period - Slapshot by Kevin Veilleux.
2:06 of 3rd period - Stopped by Marek Schwarz with a rebound.
2:08 of 3rd period - Snap shot by Michael Bournival.
2:08 of 3rd period - Stopped by Marek Schwarz with a rebound.
2:26 of 3rd period - Snap shot by Andreas Nodl.
2:26 of 3rd period - Stopped by Loïc Lacasse with a rebound.
2:50 of 3rd period - Snap shot by Dwight King.
2:50 of 3rd period - Shot Misses the Net.
3:06 of 3rd period - Mike Zigomanis is hit by Nigel Williams.
3:16 of 3rd period - Snap shot by Milan Bartovic.
3:16 of 3rd period - Goal by Milan Bartovic - Rafales : 2 - Patriotes : 2.
3:17 of 3rd period - Dan Fritsche wins face-off versus Zenon Konopka in neutral zone.
3:42 of 3rd period - Bruno Gervais is hit by A.J Thelen and loses puck.
4:10 of 3rd period - Icing by Jonas Junland.
4:11 of 3rd period - Zenon Konopka wins face-off versus Nathan Davis in Rafales zone.
4:24 of 3rd period - Slapshot by Nathan Davis.
4:24 of 3rd period - Stopped by Marek Schwarz with a rebound.
4:26 of 3rd period - Slapshot by Jeff Skinner.
4:26 of 3rd period - Stopped by Marek Schwarz with a rebound.
4:28 of 3rd period - Snap shot by Jeff Skinner.
4:28 of 3rd period - Stopped by Marek Schwarz without a rebound.
4:29 of 3rd period - Mike Zigomanis wins face-off versus Riley Sheahan in Patriotes zone.
4:29 of 3rd period - Mike Zigomanis is hit by Joe Charlebois.
4:31 of 3rd period - Snap shot by Milan Bartovic.
4:31 of 3rd period - Shot Misses the Net.
5:30 of 3rd period - Slapshot by Marc-André Gragnani.
5:30 of 3rd period - Shot Misses the Net.
6:42 of 3rd period - Wrist shot by Jonathan Rheault.
6:42 of 3rd period - Deflect By Nathan Davis.
6:42 of 3rd period - Stopped by Marek Schwarz without a rebound.
6:43 of 3rd period - Nathan Davis wins face-off versus Christian Hanson in Patriotes zone.
6:46 of 3rd period - Snap shot by Nathan Davis.
6:46 of 3rd period - Shot Misses the Net.
6:48 of 3rd period - Wrist shot by Nathan Davis.
6:48 of 3rd period - Stopped by Marek Schwarz without a rebound.
6:49 of 3rd period - Milan Bartovic wins face-off versus Christian Hanson in Patriotes zone.
7:00 of 3rd period - Snap shot by Cody McLeod.
7:00 of 3rd period - Shot Blocked by A.J Thelen.
7:02 of 3rd period - Slapshot by Dmitry Kulikov.
7:02 of 3rd period - Shot Blocked by Ryan Wilson.
7:24 of 3rd period - Wrist shot by Mike Sislo.
7:24 of 3rd period - Shot Hit the Post.
7:36 of 3rd period - Willie Mitchell is hit by Ryan Wilson and loses puck.
7:45 of 3rd period - A.J Thelen is hit by Nathan Davis and loses puck.
8:01 of 3rd period - Off-side.
8:02 of 3rd period - Mike Zigomanis wins face-off versus Andreas Nodl in neutral zone.
8:05 of 3rd period - Nigel Williams is hit by Matt Gilroy and loses puck.
8:13 of 3rd period - Icing by Jonas Junland.
8:14 of 3rd period - Mike Zigomanis wins face-off versus Zenon Konopka in Rafales zone.
8:18 of 3rd period - Matt Gilroy is hit by Anthony Bitetto and loses puck.
9:02 of 3rd period - Off-side.
9:03 of 3rd period - Nathan Davis wins face-off versus Dwight King in neutral zone.
9:10 of 3rd period - Snap shot by Nathan Davis.
9:10 of 3rd period - Stopped by Marek Schwarz with a rebound.
9:44 of 3rd period - Minor Penalty to Zenon Konopka for Interference.
9:45 of 3rd period - Mike Zigomanis wins face-off versus Andreas Nodl in Patriotes zone.
11:42 of 3rd period - Wrist shot by Dwight King.
11:42 of 3rd period - Stopped by Loïc Lacasse with a rebound.
11:44 of 3rd period - Penalty to Zenon Konopka is over, Zenon Konopka is back on ice.
12:03 of 3rd period - Wrist shot by Zenon Konopka.
12:03 of 3rd period - Stopped by Loïc Lacasse without a rebound.
12:04 of 3rd period - Melker Karlsson wins face-off versus Jeff Skinner in Rafales zone.
12:12 of 3rd period - Icing by Marc-André Gragnani.
12:13 of 3rd period - Melker Karlsson wins face-off versus Nathan Davis in Rafales zone.
13:04 of 3rd period - Icing by Nigel Williams.
13:05 of 3rd period - Melker Karlsson wins face-off versus Mike Zigomanis in Patriotes zone.
13:36 of 3rd period - Dan Fritsche is hit by Melker Karlsson.
14:14 of 3rd period - Major Penalty to Joe Charlebois for Checking from behind.
14:15 of 3rd period - Andreas Nodl wins face-off versus Mike Zigomanis in Patriotes zone.
14:28 of 3rd period - Snap shot by Andreas Nodl.
14:28 of 3rd period - Shot Misses the Net.
14:40 of 3rd period - Tomas Kurka is hit by Dmitry Kulikov and loses puck.
17:16 of 3rd period - Icing by Nathan Davis.
17:17 of 3rd period - Riley Sheahan wins face-off versus Nathan Davis in Rafales zone.
17:44 of 3rd period - Snap shot by Andrew Gordon.
17:44 of 3rd period - Shot Hit the Post.
18:18 of 3rd period - Dmitry Kulikov is hit by Riley Sheahan and loses puck.
18:39 of 3rd period - Timothy Kunes is hit by Jonas Junland and loses puck.
19:14 of 3rd period - Penalty to Joe Charlebois is over, Joe Charlebois is back on ice.
Goals for this period are 1 for Rafales vs 0 for Patriotes.
Shots for this period are 10 for Rafales vs 5 for Patriotes.

Overtime #1


0:01 of 1st overtime period - Andreas Nodl wins face-off versus Mike Zigomanis in neutral zone.
0:43 of 1st overtime period - Slapshot by Andrew Gordon.
0:43 of 1st overtime period - Stopped by Loïc Lacasse without a rebound.
0:44 of 1st overtime period - Fedor Fedorov wins face-off versus Jeff Skinner in Rafales zone.
1:09 of 1st overtime period - Tomas Kurka is hit by Cody McLeod and loses puck.
1:40 of 1st overtime period - Wrist shot by Dan Fritsche.
1:40 of 1st overtime period - Shot Misses the Net.
2:02 of 1st overtime period - Slapshot by Andrew Gordon.
2:02 of 1st overtime period - Shot Misses the Net.
4:49 of 1st overtime period - Bruno Gervais is hit by Dwight King and loses puck.
Goals for this period are 0 for Rafales vs 0 for Patriotes.
Shots for this period are 0 for Rafales vs 1 for Patriotes.

ShootOut


5:00 of 1st overtime period - Penalty Shot by Mike Zigomanis for Rafales.
5:00 of 1st overtime period - Deke by Mike Zigomanis.
5:00 of 1st overtime period - Goal by Mike Zigomanis.
5:00 of 1st overtime period - Penalty Shot by Andreas Nodl for Patriotes.
5:00 of 1st overtime period - Backhand shot by Andreas Nodl.
5:00 of 1st overtime period - Goal by Andreas Nodl.
5:00 of 1st overtime period - Penalty Shot by Cody McLeod for Rafales.
5:00 of 1st overtime period - Snap shot by Cody McLeod.
5:00 of 1st overtime period - Stopped by Marek Schwarz.
5:00 of 1st overtime period - Penalty Shot by Tomas Kurka for Patriotes.
5:00 of 1st overtime period - Wrist shot by Tomas Kurka.
5:00 of 1st overtime period - Goal by Tomas Kurka.
5:00 of 1st overtime period - Penalty Shot by Jeff Skinner for Rafales.
5:00 of 1st overtime period - Deke by Jeff Skinner.
5:00 of 1st overtime period - Stopped by Marek Schwarz.


Output by the SimonT Hockey Simulator (STHS) for François Prévost -- Original Page W3C XHTML 1.0 Valid
Hockey Simulator - Hockey Simulation - Hockey Manager